 Dungeon Crawl Stone Soup version 0.18.1-48-g4cf74bf (webtiles) character file.

585 Heedrag the Conjurer (level 7, -4/36 HPs)
             Began as a Deep Elf Conjurer on Aug 4, 2016.
             Slain by a giant frog skeleton (6 damage)
             ... on level 5 of the Dungeon.
             The game lasted 00:08:40 (3559 turns).

Heedrag the Conjurer (Deep Elf Conjurer)            Turns: 3559, Time: 00:08:41

Health: -4/36      AC:  8    Str:  7    XL:     7   Next: 14%
Magic:  0/17       EV: 13    Int: 20    God:
Gold:   201        SH:  0    Dex: 15    Spells: 4 memorised, 4 levels left

rFire  . . .     SeeInvis .     w - +2 falchion (protect)
rCold  . . .     Gourm    .     a - +0 robe
rNeg   . . .     Faith    .     (no shield)
rPois  .         Spirit   .     (no helmet)
rElec  .         Dismiss  .     z - +0 cloak
rCorr  .         Reflect  .     (no gloves)
SustAt .         Harm     .     (no boots)
MR     .....                    (no amulet)
Stlth  ++........               (no ring)
                                (no ring)

@: not resistant to hostile enchantments, unstealthy
A: no striking features
a: no special abilities


You were on level 5 of the Dungeon.
You were not hungry.

You visited 1 branch of the dungeon, and saw 5 of its levels.

You collected 201 gold pieces.

Inventory:

Hand Weapons
 i - a +0 dagger
 u - a +2 mace of protection
 w - a +2 falchion of protection (weapon)
 B - the cursed +3 quarterstaff of Grace {freeze, rC+ Str-3 Int+2}
   (You found it on level 4 of the Dungeon)

   It has been specially enchanted to freeze those struck by it, causing extra
   injury to most foes and up to half again as much damage against particularly
   susceptible opponents.
   It can also slow down cold-blooded creatures.
   It affects your strength (-3).
   It affects your intelligence (+2).
   It protects you from cold.
   It has a curse placed upon it.
Armour
 a - a +0 robe (worn)
 z - a +0 cloak (worn)
Jewellery
 j - an uncursed amulet of guardian spirit
Scrolls
 g - 2 scrolls of identify
 h - 2 scrolls of magic mapping {unknown}
 l - 2 scrolls of immolation {unknown}
 m - 3 scrolls of teleportation
 n - a scroll of fog {unknown}
 p - 2 scrolls of remove curse {unknown}
 r - 2 scrolls of fear {unknown}
 s - a scroll of recharging {unknown}
 v - a scroll of random uselessness {unknown}
 y - 2 scrolls of blinking {unknown}
 C - a scroll of enchant armour {unknown}
Potions
 e - a potion of magic {unknown}
 o - a potion of resistance {unknown}
 q - a potion of cancellation {unknown}
 t - 2 potions of curing {unknown}
 x - a potion of flight {unknown}
 A - a potion of lignification {unknown}
Books
 b - a book of Conjurations

   Spells                             Type                      Level
   a - Magic Dart                     Conjuration                  1
   b - Searing Ray                    Conjuration                  2
   c - Dazzling Spray                 Conjuration/Hexes            3
   d - Fulminant Prism                Conjuration/Hexes            4
   e - Iskenderun's Mystic Blast      Conjuration                  4
   f - Iskenderun's Battlesphere      Conjuration/Charms           5
Comestibles
 c - 4 bread rations
 d - 2 beef jerkies
 f - 3 meat rations
 k - 9 fruits
 D - a chunk of flesh


   Skills:
 - Level 2.4 Dodging
 - Level 2.4 Stealth
 + Level 5.9 Spellcasting
 * Level 7.9 Conjurations
 + Level 3.6 Charms


You had 4 spell levels left.
You knew the following spells:

 Your Spells              Type           Power        Failure   Level  Hunger
a - Magic Dart            Conj           ####         1%          1    None
b - Dazzling Spray        Conj/Hex       ###...       10%         3    ##.....
c - Iskenderun's Mystic   Conj           #####...     6%          4    ####...
d - Iskenderun's Battles  Conj/Chrm      ####....     30%         5    #####..


Dungeon Overview and Level Annotations

Branches:
Dungeon (5/15)
 Temple: D:4-7

Altars:
Gozag
Makhleb
Pakellas
Qazlal
Vehumet
Zin

Shops:
D:2 }


Message History

Tha giant frog skeleton closely misses ye.
Tha centaur hits ye!
* * * LOW HITPOINT WARNIN'
* * * Tha centaur closely misses ye.
Tha giant frog skeleton closely misses ye.
Castin': Dazzlin' Spray Confirm wit' . or Enter, or press ? or * ta list all spells.
Aimin': Dazzlin' Spray
Press: ? - help, Shift-Dir - straight line, f/p - centaur
Aim: a centaur, wearin' a centaur bardin' (severely wounded, blind) Tha spray o' energy hits tha centaur.
Ye kill tha centaur!
Ye haf reached level 7!
Tha spray o' energy hits tha giant frog skeleton.
Tha giant frog skeleton hits ye but does nay damage.
Unknown command.
Ye hit tha giant frog skeleton.
Tha giant frog skeleton closely misses ye.
Tha giant frog skeleton hits ye.
Ye die...

#....#......'.....#........#
#....#>.....#.....#...##...#
#....#......#.##############
#....#......#.#...#...#.....
#....#......#.#.#.#.#.#.....
#....##########.#...#.###...
###......#####.).....
#........# #.......
#...@###.# #.###...
+...Z..#.# #.#.....
#...)..#.# ..#.....
#####'##### ####..... ...
#..... ..... #..... .......
###### ......... ...####....


You could see a giant frog skeleton.

Vanquished Creatures
  A centaur (D:5)
  2 crimson imps (D:5)
  An orc priest (D:3)
  3 orc wizards
  4 worker ants
  6 gnolls
  7 adders
  2 oozes (D:2)
  An adder skeleton (D:3)
  3 worms
  3 dart slugs
  4 giant geckos
  10 orcs
  11 bats
  2 giant cockroaches (D:4)
  6 goblins
  4 hobgoblins
  9 jackals
  4 quokkas
  A ball python (D:3)
  2 giant newts
  6 kobolds
  A quokka skeleton (D:5)
  4 rats
97 creatures vanquished.

Notes
Turn   | Place    | Note
--------------------------------------------------------------
     0 | D:1      | Heedrag the Deep Elf Conjurer began the quest for the Orb.
     0 | D:1      | Reached XP level 1. HP: 10/10 MP: 6/6
    91 | D:1      | Reached XP level 2. HP: 15/15 MP: 1/8
   478 | D:1      | Reached skill level 5 in Conjurations
   729 | D:2      | Reached XP level 3. HP: 19/19 MP: 5/9
   734 | D:2      | Learned a level 3 spell: Dazzling Spray
   782 | D:2      | Found an oddly glowing altar of Pakellas.
   782 | D:2      | Found Pakellas's Prime Provisions.
   834 | D:2      | Found a stormy altar of Qazlal.
  1461 | D:3      | Found a glowing silver altar of Zin.
  1471 | D:3      | Reached XP level 4. HP: 24/24 MP: 8/12
  1485 | D:3      | Learned a level 4 spell: Iskenderun's Mystic Blast
  1628 | D:3      | Found a burning altar of Makhleb.
  1697 | D:3      | Reached skill level 6 in Conjurations
  1888 | D:3      | Found an opulent altar of Gozag.
  2017 | D:3      | Reached XP level 5. HP: 12/28 MP: 9/13
  2140 | D:3      | Learned a level 5 spell: Iskenderun's Battlesphere
  2207 | D:3      | Found a radiant altar of Vehumet.
  2447 | D:4      | Reached skill level 5 in Spellcasting
  2555 | D:4      | Reached skill level 1 in Charms
  2564 | D:4      | Reached skill level 7 in Conjurations
  2662 | D:4      | Reached XP level 6. HP: 30/32 MP: 8/15
  2968 | D:4      | Got a polished quarterstaff
  3152 | D:4      | Identified the cursed +3 quarterstaff of Grace {freeze, rC+ Str-3 Int+2} (You found it on level 4 of the Dungeon)
  3188 | D:5      | Entered Level 5 of the Dungeon
  3555 | D:5      | HP: 1/32 [centaur (8)]
  3557 | D:5      | Reached XP level 7. HP: 2/36 MP: 0/17
  3559 | D:5      | Slain by a giant frog skeleton

Skill      XL: |  1  2  3  4  5  6 |
---------------+-------------------+-----
Conjurations   | 5 6 7 |  7.9
Spellcasting   | 4 5 |  5.9
Charms         | 1 3 |  3.6
Dodging        | |  2.4
Stealth        | |  2.4

Action                   |  1- 3 |  4- 6 |  7- 9 || total
-------------------------+-------+-------+-------++-------
Melee: Dagger            |    10 |       |       ||    10
       Falchion          |       |    50 |     1 ||    51
 Cast: Magic Dart        |    84 |   155 |       ||   239
       Dazzling Spray    |       |    10 |     1 ||    11
  Use: Scroll            |       |     2 |       ||     2
  Eat: Chunk             |     2 |     6 |       ||     8
Armor: Robe              |     3 |    28 |     1 ||    32
Dodge: Dodged            |    16 |    70 |     1 ||    87
